 Dungeon Crawl Stone Soup version 0.17-a0-1591-g7a45446 (webtiles) character file.

281 Nakatomy the Poker (level 6, 0/52 HPs)
             Began as a Minotaur Fighter on July 27, 2015.
             Succumbed to a water moccasin's poison
             ... on level 6 of the Dungeon on July 29, 2015.
             The game lasted 00:30:30 (3756 turns).

Nakatomy the Poker (Minotaur Fighter)               Turns: 3756, Time: 00:30:30

Health: 0/52       AC: 12    Str: 22    XL:     6   Next: 6%
Magic:  5/5        EV:  5    Int:  5    God:
Gold:   135        SH:  9    Dex: 10    Spells: 0 memorised, 5 levels left

rFire  . . .     SeeInvis .     a - +0 trident
rCold  . . .     Clarity  .     p - +0 chain mail
rNeg   . . .     SustAt   +     c - +0 shield
rPois  .         Gourm    .     (helmet restricted)
rElec  .         Spirit   .     g - +2 cloak
rCorr  .         Warding  .     (no gloves)
rMut   .         Stasis   .     (no boots)
MR     .....                    (no amulet)
Stlth  ..........               C - ring of sustain attributes
                                B - ring of flight

@: lethally poisoned (0 -> -19), exhausted, slowed, very slow, not resistant to
hostile enchantments, extremely unstealthy
A: retaliatory headbutt, horns 2
a: Evoke Flight


You were on level 6 of the Dungeon.
You were hungry.

You visited 1 branch of the dungeon, and saw 6 of its levels.

You collected 135 gold pieces.

Inventory:

Hand weapons
 a - a +0 trident (weapon)
Armour
 b - a +0 scale mail
 c - a +0 shield (worn)
 g - a +2 cloak (worn)
 p - a +0 chain mail (worn)
Jewellery
 B - a ring of flight (left hand)
 C - a ring of sustain attributes (right hand)
Scrolls
 f - a scroll of fog {unknown}
 h - 2 scrolls of enchant armour {unknown}
 i - a scroll of enchant weapon {unknown}
 j - a scroll of recharging {unknown}
 n - a scroll of noise {unknown}
 q - 5 scrolls of remove curse {unknown}
 r - 2 scrolls of identify {unknown}
 u - a scroll of blinking {unknown}
 y - a scroll of immolation {unknown}
Potions
 d - a potion of might
 l - a potion of heal wounds {unknown}
 o - a potion of lignification {unknown}
 s - a potion of berserk rage
 t - a potion of invisibility {unknown}
 v - a potion of cure mutation {unknown}
 A - a potion of haste {unknown}
Comestibles
 e - 2 bread rations
 k - 2 meat rations
 m - 6 fruits
 w - a slice of pizza
 x - a royal jelly
 z - 4 chunks of flesh


   Skills:
 - Level 3.8 Fighting
 + Level 7.6 Polearms
 - Level 3.7 Armour
 - Level 3.7 Shields


You had 5 spell levels left.
You didn't know any spells.

Dungeon Overview and Level Annotations

Branches:
Dungeon (6/15)
 Temple: D:4-7

Altars:
Ashenzari
Sif Muna

Annotations:
D:4 fneyf's ghost, experienced DrTm


Innate Abilities, Weirdness & Mutations

You reflexively headbutt those who attack you in melee.
You have a pair of horns on your head.


Message History

You are too berserk!
You are too berserk!
You are too berserk!
You are too berserk!
* * * LOW HITPOINT WARNING * * *
You feel sick.
Found 20 gold pieces.
You feel a strong urge to attack something.
* * * LOW HITPOINT WARNING * * *
You feel sick.
Found a stone staircase leading up.
You see here a white potion.
* * * LOW HITPOINT WARNING * * *
You feel sick.
You feel your anger subside.
You are no longer berserk.
You are exhausted.
You feel yourself slow down.
You are feeling hungry.
You die...

#..... ....< .#
.... ..# ...
<.## .. ... . #.
#.# ...
#####.##.##...#
#.....@.......#
#.###....##...##
........!.......
....#..).#..#$..
./...#..).# .#
.... #.#### #
... #. ... ..
...


There were no monsters in sight!

Vanquished Creatures
  A water moccasin (D:6)
  An orc priest (D:4)
  A worker ant (D:4)
  Jessica (D:3)
  An adder (D:2)
  An ooze (D:1)
  A worm (D:2)
  A giant gecko (D:3)
  8 orcs
  6 bats
  3 giant cockroaches
  7 goblins
  3 hobgoblins (D:2)
  4 jackals (D:1)
  A quokka (D:2)
  5 giant newts
  10 kobolds
  10 rats
65 creatures vanquished.

Notes
Turn   | Place    | Note
--------------------------------------------------------------
     0 | D:1      | Nakatomy the Minotaur Fighter began the quest for the Orb.
     0 | D:1      | Reached XP level 1. HP: 19/19 MP: 0/0
   290 | D:1      | Reached XP level 2. HP: 17/27 MP: 1/1
   436 | D:1      | Upgraded the game from 0.17-a0-1582-ge6b0260 to 0.17-a0-1591-g7a45446
   988 | D:2      | Reached XP level 3. HP: 33/33 MP: 2/2
  1020 | D:2      | Reached skill level 4 in Polearms
  1057 | D:2      | Found a shattered altar of Ashenzari.
  2087 | D:4      | Noticed fneyf's ghost (experienced DrTm)
  2388 | D:4      | Reached skill level 5 in Polearms
  2388 | D:4      | Reached XP level 4. HP: 33/40 MP: 3/3
  2503 | D:3      | Noticed Jessica
  3025 | D:3      | Killed Jessica
  3034 | D:3      | Found a deep blue altar of Sif Muna.
  3433 | D:4      | Reached skill level 6 in Polearms
  3509 | D:4      | Reached XP level 5. HP: 20/46 MP: 4/4
  3703 | D:5      | Entered Level 5 of the Dungeon
  3731 | D:5      | Noticed a water moccasin
  3752 | D:6      | Killed a water moccasin
  3752 | D:6      | Reached skill level 7 in Polearms
  3752 | D:6      | Reached XP level 6. HP: 5/52 MP: 5/5
  3753 | D:6      | HP: 3/78 [poisoned by a water moccasin]
  3755 | D:6      | HP: 1/78 [poisoned by a water moccasin]
  3756 | D:6      | Succumbed to a water moccasin's poison

Vault maps used:
D:1:      zelgadis_glass_arrival_small
D:2:      ashenzari_conservatory_becter
D:3:      first_bread, tgw_sif
D:4:      kennysheep_doodads
D:5:      temple_fountains
D:6:      nemelex_deck, serial_shops, shop

Action                   |  1- 3 |  4- 6 || total
-------------------------+-------+-------++-------
Melee: Trident           |   110 |    77 ||   187
  Use: Potion            |       |     1 ||     1
  Eat: Chunk             |     3 |     5 ||     8
       Fruit             |     1 |       ||     1
